 Dungeon Crawl Stone Soup version 0.28-a0-401-ge240ad9e29 (webtiles) character file.

Game seed: 2780099102176708688

98 heikuro the Skirmisher (level 5, 0/42 HPs)
             Began as a Formicid Abyssal Knight on Sept 4, 2021.
             Was a Follower of Lugonu.
             Succumbed to an orc wizard's poison
             ... on level 2 of the Dungeon.
             The game lasted 00:07:20 (1906 turns).

heikuro the Skirmisher (Formicid Abyssal Knight)    Turns: 1906, Time: 00:07:21

Health: 0/42       AC:  9    Str: 18    XL:     5   Next: 0%
Magic:  7/7        EV:  7    Int: 11    God:    Lugonu [*.....]
Gold:   54         SH:  0    Dex: 10    Spells: 4/4 levels left

rFire   . . .      SeeInvis +   a - +1 hand axe
rCold   . . .      Faith    .   (no shield)
rNeg    + . .      Spirit   .   h - +0 chain mail
rPois   .          Reflect  .   (helmet unavailable)
rElec   .          Harm     .   (no cloak)
rCorr   .          Rampage  .   (no gloves)
Will    .....                   (no boots)
Stlth   ..........              f - amulet of magic regeneration
HPRegen 0.14/turn               c - ring of positive energy
MPRegen 0.35/turn               (no ring)

@: brilliant, lethally poisoned (0 -> -12)
A: permanent stasis, dig shafts and tunnels, antennae 3, four strong arms
a: Dig, Shaft Self, Renounce Religion, Depart the Abyss


You were on level 2 of the Dungeon.
You worshipped Lugonu.
Lugonu was aware of your devotion.
You visited 1 branch of the dungeon, and saw 2 of its levels.
You visited the Abyss 1 time.

You collected 54 gold pieces.

Inventory:

Hand Weapons
 a - a +1 hand axe (weapon)
 b - a +0 hunting sling
Missiles
 j - 10 poisoned darts (quivered)
 l - 6 datura-tipped darts
 m - 13 sling bullets
Armour
 h - a +0 chain mail (worn)
Jewellery
 c - a ring of positive energy (left hand)
 f - an amulet of magic regeneration (around neck)
Scrolls
 d - a scroll of amnesia {unknown}
 e - a scroll of blinking {unknown}
 n - a scroll of identify {unknown}
Potions
 k - a potion of invisibility {unknown}
 o - a potion of mutation {unknown}


   Skills:
 + Level 4.0 Fighting
 * Level 3.0 Axes
 + Level 0.6 Slings
 + Level 3.0 Armour
 - Level 1.0 Dodging
 + Level 3.1 Invocations


You had 4 spell levels left.
You didn't know any spells.
Your spell library contained the following spells:

 Spells                   Type           Power      Damage    Failure   Level
 Animate Skeleton         Necr           0%         N/A       99%         1
 Apportation              Tloc           0%         N/A       99%         1
 Beastly Appendage        Tmut           0%         N/A       99%         1
 Corona                   Hex            0%         N/A       99%         1
 Summon Small Mammal      Summ           0%         N/A       99%         1


Dungeon Overview and Level Annotations

Branches:
Dungeon (2/15)

Altars:
The Shining One


Innate Abilities, Weirdness & Mutations

You cannot be hasted, slowed, berserked, paralysed or teleported.
You can dig through walls and to a lower floor.
You have a pair of large antennae on your head. (SInv)
Your four strong arms can wield two-handed weapons with a shield.


Message History

You slash the orc wizard!
The orc wizard is severely wounded.
You feel sick. The orc wizard barely misses you.
The orc wizard hits you with a +0 dagger of venom.
You are more poisoned.
Your chain mail prevents you from hitting the orc wizard.
The orc wizard is severely wounded.
You feel very sick.
The orc wizard hits you but does no damage.
You are more poisoned.
You are too injured to fight recklessly!
You are too injured to fight recklessly!
You hit the orc wizard but do no damage.
The orc wizard is severely wounded.
You feel very sick.
The orc wizard hits you but does no damage.
You are lethally poisoned!
You closely miss the orc wizard.
The orc wizard is severely wounded.
* * * LOW HITPOINT WARNING * * *
You feel very sick.
The orc wizard points at you and mumbles some strange words.
The magic dart hits you but does no damage.
* * * LOW HITPOINT WARNING * * *
You feel very sick.
You see here a sling bullet.
It was a potion of berserk rage.
Your stasis prevents you from going berserk.
* * * LOW HITPOINT WARNING * * *
You feel very sick. The orc wizard closely misses you.
The orc wizard mumbles some strange words.
The orc wizard flickers and vanishes for a moment.
Unknown command.
Unknown command.
Unknown command.
Unknown command.
It was a potion of brilliance.
You feel clever all of a sudden.
You die...

.#
#..##.#..#######....##.#.#
.#
#..#..#.#....†#.†###...#.#
.#
#.#...##.....#.(####.###.#
.#
#.##..#######............#
.# #..
..........######.##### .#
#####............# #.# .#
..##...####.# #.# .#
#..###!#####.# #.# .#
#..$....)@ooo# #.. .#
##.###.#####.# ### ## #...
#... ...o. #.##.. .##....
#.# ## # ..... ... ###.###
### #.


You could see 2 orc wizards and an orc.

Vanquished Creatures
  An orc priest (D:2)
  3 adders (D:2)
  2 worms (D:2)
  4 dart slugs (D:1)
  An orc (D:2)
  3 ball pythons (D:1)
  2 endoplasms (D:1)
  2 giant cockroaches
  A goblin (D:2)
  A hobgoblin (D:1)
  2 bats (D:1)
  2 frilled lizards (D:1)
  2 kobolds (D:1)
  4 rats
30 creatures vanquished.

Notes
Turn   | Place    | Note
-------+----------+-------------------------------------------
     0 | Abyss:1  | heikuro the Formicid Abyssal Knight began the quest for the
                  | Orb.
     0 | Abyss:1  | Reached XP level 1. HP: 18/18 MP: 2/2
   191 | Abyss:1  | Noticed a large abomination
   192 | D:1      | Escaped the Abyss
   405 | D:1      | Reached XP level 2. HP: 14/25 MP: 3/3
   544 | D:1      | Reached skill level 1 in Dodging
   637 | D:1      | Reached * piety under Lugonu
   740 | D:1      | Found a faded altar of an unknown god.
   747 | D:1      | Got Plato's Disquisition on Moulding
   878 | D:1      | Reached XP level 3. HP: 30/30 MP: 4/4
  1347 | D:2      | Found a glowing golden altar of the Shining One.
  1511 | D:2      | Reached XP level 4. HP: 34/37 MP: 6/6
  1850 | D:2      | Reached skill level 4 in Fighting
  1885 | D:2      | Reached XP level 5. HP: 28/42 MP: 7/7
  1905 | D:2      | HP: 2/42 [poisoned by an orc wizard]
  1906 | D:2      | Succumbed to an orc wizard's poison

Illustrated notes

Levels and vault maps discovered:
D:1:      tarquinn_simple_flora_water_d, layout_rooms,
          shapermc_ecumenical_altar_rom_forum, st_stairs_14
D:2:      layout_loops_ring, basic_altar, st_stairs_12, grunt_ministairs_11,
          kennysheep_cross_room, kennysheep_minor_cross, minmay_3d_cube

Skill      XL: |  1  2  3  4 |
---------------+-------------+-----
Dodging        | 1 |  1.0
Fighting       | 4 |  4.0
Invocations    | 3 |  3.1
Axes           | 3 |  3.0
Armour         | 3 |  3.0
Slings         | |  0.6

Action                   |  1- 3 |  4- 6 || total
-------------------------+-------+-------++-------
Melee: Hand axe          |    65 |    17 ||    82
 Fire: Hunting sling     |       |    17 ||    17
Throw: Dart              |    11 |       ||    11
Invok: Depart the Abyss  |     1 |       ||     1
  Use: Potion            |       |     2 ||     2
Armor: Leather armour    |     3 |       ||     3
       Chain mail        |    36 |    11 ||    47
Dodge: Dodged            |    37 |     6 ||    43

Table legend: (Time is in decaauts)
 A = Elapsed time spent in this place.
 B = Non-inter-level travel time spent in this place.
 C = Inter-level travel time spent in this place.
 D = Time resting spent in this place.
 E = Time spent auto-exploring this place.
 F = Levels seen in this place.
 G = Mean time per level.
                   A        B        C        D        E       F      G
               +--------+--------+--------+--------+--------+-----+--------+
         Total |   1921 |   1868 |     53 |    563 |    366 |   3 |  640.3 |
       Dungeon |   1730 |   1677 |     53 |    563 |    366 |   2 |  865.0 |
         Abyss |    191 |    191 |      0 |      0 |      0 |   1 |  191.0 |
               +--------+--------+--------+--------+--------+-----+--------+

Top non-repeatable levels by time:
     D:1: 1029 daAuts
     D:2: 701 daAuts
 Abyss:1: 191 daAuts
